 Dungeon Crawl Stone Soup version 0.23-a0-636-g0ff6057 (webtiles) character file.

294 Mom the Chopper (level 6, -10/47 HPs)
             Began as a Mummy Fighter on Dec 28, 2018.
             Mangled by Menkaure (17 damage)
             ... on level 4 of the Dungeon.
             The game lasted 00:10:26 (4492 turns).

Mom the Chopper (Mummy Fighter)                     Turns: 4492, Time: 00:10:27

Health: -10/47     AC:  8    Str: 20    XL:     6   Next: 11%
Magic:  0/6        EV:  5    Int:  9    God:
Gold:   136        SH:  9    Dex: 15    Spells: 5/5 levels left

rFire    x . .     SeeInvis .   a - +0 war axe
rCold    + . .     Gourm    .   c - +0 shield
rNeg     + + +     Faith    .   f - +0 chain mail
rPois    ∞         Spirit   +   (no helmet)
rElec    .         Reflect  .   (no cloak)
rCorr    .         Harm     .   (no gloves)
MR       .....                  (no boots)
Stlth    ..........             h - amulet of guardian spirit (curse)
HPRegen  0.15/turn              g - ring of stealth
MPRegen  0.10/turn              i - +4 ring of dexterity

@: no status effects
A: no food or potions, fire vulnerability, cold resistance 1, negative energy
resistance 3, torment resistance, unbreathing
a: no special abilities


You were on level 4 of the Dungeon.
You were not hungry.

You visited 1 branch of the dungeon, and saw 4 of its levels.

You collected 136 gold pieces.

Inventory:

Hand Weapons
 a - a +0 war axe (weapon)
Missiles
 e - 88 stones (quivered)
Armour
 b - a +0 scale mail
 c - a +0 shield (worn)
 f - a +0 chain mail (worn)
Jewellery
 g - a ring of stealth (left hand)
 h - a cursed amulet of guardian spirit (around neck)
 i - a +4 ring of dexterity (right hand)
Scrolls
 d - 2 scrolls of magic mapping {unknown}
 j - a scroll of identify {unknown}
 k - a scroll of remove curse


   Skills:
 - Level 3.0 Fighting
 + Level 5.4 Axes
 - Level 2.4 Armour
 - Level 2.4 Shields


You had 5 spell levels left.
You didn't know any spells.
Your spell library was empty.

Dungeon Overview and Level Annotations

Branches:
Dungeon (4/15)
 Temple: D:4-7

Altars:
Ashenzari
Dithmenos
Hepliaklqana
Xom

Annotations:
D:1 exclusion: downstairs
D:2 1 runed door, exclusion: downstairs
D:4 Menkaure


Innate Abilities, Weirdness & Mutations

You do not eat or drink.
Your flesh is vulnerable to fire.
You are immune to poison.
Your flesh is cold resistant. (rC+)
You are immune to negative energy. (rN+++)
You are immune to unholy pain and torment.
You can survive without breathing.


Message History

Menkaure is severely damaged.
You closely miss the howler monkey. The howler monkey barely misses you.
Menkaure hits you!
The howler monkey hoots and howls with incredible vigour!
You hit Menkaure but do no damage.
Menkaure is severely damaged.
You closely miss the howler monkey. Menkaure hits you but does no damage.
The howler monkey hoots and howls with incredible vigour!
The quokka barely misses you. Menkaure hits you!
* * * LOW HITPOINT WARNING * * *
You can't drink.
Unknown command.
You hit Menkaure.
Menkaure is almost destroyed.
You hit the howler monkey. You closely miss the quokka.
The howler monkey hits you but does no damage.
You block the quokka's attack. Menkaure hits you but does no damage.
You block the howler monkey's attack. You block the quokka's attack.
Menkaure hits you!!
You die...

##
.####.
.#
....
......
#....
#.#..
#...#
#.hr#
#$.@#
#.M##
#%...
#....
#.#.#
#.#. #
#. #.


You could see Menkaure, a howler monkey and a quokka.

Vanquished Creatures
  A jelly (D:3)
  An orc priest (D:3)
  2 orc wizards (D:2)
  A centaur skeleton (D:2)
  A worker ant (D:3)
  An adder (D:3)
  A shadow imp (D:3)
  An ooze (D:1)
  2 worms (D:3)
  4 dart slugs
  2 leopard geckos (D:1)
  18 orcs
  A ball python (D:1)
  9 bats
  6 giant cockroaches
  5 goblins
  10 hobgoblins
  An iguana (D:3)
  4 frilled lizards
  3 kobolds
  5 rats (D:1)
79 creatures vanquished.

Notes
Turn   | Place    | Note
-------+----------+-------------------------------------------
     0 | D:1      | Mom the Mummy Fighter began the quest for the Orb.
     0 | D:1      | Reached XP level 1. HP: 18/18 MP: 1/1
    56 | D:1      | Reached skill level 2 in Axes
   243 | D:1      | Reached XP level 2. HP: 17/24 MP: 2/2
   659 | D:1      | You fall through a shaft!
   900 | D:1      | Reached XP level 3. HP: 23/29 MP: 3/3
   973 | D:1      | Reached skill level 3 in Axes
  1660 | D:2      | Reached XP level 4. HP: 34/35 MP: 4/4
  1671 | D:2      | Reached skill level 4 in Axes
  2035 | D:2      | Reached XP level 5. HP: 41/41 MP: 2/5
  2122 | D:2      | Found a runed door.
  2220 | D:2      | Found a shattered altar of Ashenzari.
  2375 | D:3      | Noticed an orc warrior
  3293 | D:3      | Reached skill level 5 in Axes
  3500 | D:3      | Found a shimmering altar of Xom.
  4312 | D:3      | Found a hazy altar of Hepliaklqana.
  4381 | D:3      | Reached XP level 6. HP: 47/47 MP: 6/6
  4382 | D:3      | Found a shadowy altar of Dithmenos.
  4484 | D:4      | Noticed Menkaure
  4492 | D:4      | Mangled by Menkaure

Vault maps used:
D:1:      kennysheep_arrival_seaside
D:2:      ashenzari_conservatory_becter, first_ration, uniq_crazy_yiuf_cottage
D:3:      grunt_dithmenos_smoke_and_mirrors, lemuel_round_altar,
          dk_xom_monty_hall
D:4:      nicolae_tso_carved_into_rock, overflow_temple_1_default,
          cheibriados_altar_1, uniq_blork_the_orc, uniq_ijyb, uniq_menkaure,
          uniq_pikel, uniq_robin, uniq_grinder

Skill      XL: |  1  2  3  4  5 |
---------------+----------------+-----
Axes           | 2 3 4 5 |  5.4
Fighting       | |  3.0
Armour         | |  2.4
Shields        | |  2.4

Action                   |  1- 3 |  4- 6 || total
-------------------------+-------+-------++-------
Melee: War axe           |   131 |   216 ||   347
Throw: Stone             |       |     2 ||     2
  Use: Scroll            |     1 |       ||     1
Armor: Scale mail        |    37 |       ||    37
       Chain mail        |    40 |    98 ||   138
Dodge: Dodged            |    36 |    41 ||    77
Block: Shield            |    60 |   102 ||   162

Table legend:
 A = Non-vault XP
 B = Vault XP
 C = Vault XP percentage of total XP
 D = Non-vault monster count
 E = Vault monster count
 F = Vault count percentage of total count
                 A         B        C        D         E       F
            +---------+---------+-------+---------+---------+-------
      Total |     377 |      44 |  10.5 |      77 |       2 |   2.5
            +---------+---------+-------+---------+---------+-------
        D:1 |      60 |       0 |   0.0 |      30 |       0 |   0.0
        D:2 |     150 |       0 |   0.0 |      19 |       0 |   0.0
        D:3 |     167 |      44 |  20.9 |      28 |       2 |   6.7
            +---------+---------+-------+---------+---------+-------
